 Dungeon Crawl Stone Soup version 0.17-a0-1046-ga09e34d (webtiles) character file.

21 RobertPalmer the Slasher (level 2, -4/28 HPs)
             Began as a Naga Chaos Knight on May 15, 2015.
             Slain by a gnoll
             ... wielding a +0 halberd
              (12 damage)
             ... on level 1 of the Dungeon.
             The game lasted 00:01:02 (488 turns).

RobertPalmer the Slasher (Naga Chaos Knight)         Turns: 488, Time: 00:01:03

Health: -4/28      AC:  4    Str: 14    XL:     2   Next: 87%
Magic:  2/2        EV:  9    Int: 12    God:    Xom [..*...]
Gold:   8          SH:  0    Dex: 10    Spells: 0 memorised, 1 level left

rFire  . . .     SeeInvis +     a - +0 falchion (chaos)
rCold  . . .     Clarity  .     b - +2 leather armour
rNeg   . . .     SustAb   .     (no shield)
rPois  +         Gourm    .     (no helmet)
rElec  .         Spirit   .     (no cloak)
rCorr  .         Warding  .     (no gloves)
rMut   .         Stasis   .     (no barding)
MR     .....                    (no amulet)
Stlth  +.........               (no ring)
                                (no ring)

@: very slow, not resistant to hostile enchantments, very unstealthy
A: see invisible, deformed body, poison resistance, slowness 2, slow metabolism
1, spit poison 2, AC +0
a: Spit Poison, Renounce Religion


You were on level 1 of the Dungeon.
You worshipped Xom.
You were a toy of Xom.
You were not hungry.

You visited 1 branch of the dungeon, and saw 1 of its levels.

You collected 8 gold pieces.

Inventory:

Hand weapons
 a - a +0 falchion of chaos (weapon)
Armour
 b - a +2 leather armour (worn)
Jewellery
 f - a +6 ring of dexterity {unknown}
   (You found it on level 1 of the Dungeon)
Scrolls
 e - a scroll of teleportation {unknown}
 g - a scroll of identify {unknown}
 h - a scroll of noise {unknown}
 i - a scroll of recharging {unknown}
Comestibles
 c - 2 bread rations {@e1}
 d - a meat ration {@e2}
 j - a chunk of flesh {@w0}


   Skills:
 - Level 3.0 Fighting
 + Level 4.0 Long Blades
 - Level 1.5 Armour
 - Level 0.7 Dodging


You had one spell level left.
You didn't know any spells.

Dungeon Overview and Level Annotations

Branches:
Dungeon (1/15)

Altars:


Innate Abilities, Weirdness & Mutations

You cannot wear boots.
Your serpentine skin is tough (AC +0).
You have supernaturally acute eyesight.
Armour fits poorly on your strangely shaped body.
Your system is resistant to poisons.
You cover ground very slowly.
You have a slow metabolism.
You can spit poison.


Message History

No target in view!
No target in view!
A kobold comes into view. It is wielding a dagger.
The kobold shouts!
A kobold is nearby!
A kobold is nearby!
A kobold is nearby!
The kobold hits you with a dagger.
You take 1 damage, and have 26/28 hp.
You hit the kobold. You burn the kobold.
You kill the kobold!
No target in view!
No target in view!
A goblin comes into view. It is wielding a club.
The goblin shouts!
A hobgoblin comes into view.
Health restored: 28
There are monsters nearby!
There are monsters nearby!
There are monsters nearby!
The goblin barely misses you.
A gnoll comes into view. It is wielding a halberd.
The gnoll shouts!
You hit the goblin. The goblin barely misses you.
You slash the goblin! You burn the goblin.
You kill the goblin!
The hobgoblin hits you but does no damage.
A rat comes into view.
You hit the hobgoblin. You burn the hobgoblin.
You kill the hobgoblin!
Your Long Blades skill increases to level 4!
Xom smirks.
You detect creatures!
You are now a beloved toy of Xom. "Hum-dee-hum-dee-hum..."
The rat flickers and vanishes for a moment.
The rat twitches its whiskers.
The gnoll barely misses you. The gnoll barely misses you.
A hobgoblin comes into view. It is wielding a club.
The hobgoblin shouts!
The gnoll hits you but does no damage.
The gnoll hits you from afar with a halberd!
You emit a cloud of colourful smoke!
You take 12 damage, and have 16/28 hp.
MASSIVE DAMAGE!!
The rat bites you.
You take 3 damage, and have 13/28 hp. "Here."
Something appears before you!
You are now a toy of Xom.
The rat twitches its whiskers.
The rat bites you but does no damage.
You see here a scroll labeled YTYETIRGHAB.
The rat twitches its whiskers.
The rat barely misses you. "Go forth and cause havoc, mortal!"
You feel yourself speed up. The rat bites you but does no damage.
You are very lightly contaminated with residual magic.
The rat twitches its whiskers.
The rat bites you but does no damage.
You hit the rat but do no damage.
The rat goes berserk!
Xom is amused.
The rat bites you but does no damage.
You hit the rat.
You kill the rat!
You start resting.
Your extra speed is starting to run out.
You regained 2 hp, and now have 17/28 hp.
You start resting.
You feel yourself slow down.
You start resting.
Your magical contamination has completely faded away.
You regained 4 hp, and now have 21/28 hp.
Unknown command.
You see here a rat corpse.
You butcher the rat corpse.
j - a chunk of flesh {@w0} You start resting.
Health restored: 28 Unknown command.
The gnoll shouts!
The gnoll is too close now for your liking.
A gnoll is nearby!
A gnoll is nearby!
A gnoll is nearby!
The gnoll barely misses you.
The gnoll hits you from afar with a halberd!
You take 8 damage, and have 20/28 hp.
MASSIVE DAMAGE!!
The gnoll barely misses you.
Unknown command.
The gnoll hits you from afar with a halberd!
* * * LOW HITPOINT WARNING * * *
You take 13 damage, and have 7/28 hp.
MASSIVE DAMAGE!!
The gnoll barely misses you. The gnoll hits you with a halberd!
You die...

#...#######.##.###..
#..## #.........
#..# ####.###.. #..#
#.# #.. #.)##
#g###.. #...#
#g..... ##..#
#.###.. #..# #.# #..
#.@# #.###.. #.g#
#...#.. #..#
######.#..
#..#######.....>...
#..........#.##.#..
#.########...##.#..
#...............#..
##########..#####..
#..# #..


You could see a gnoll.

Vanquished Creatures
  3 goblins (D:1)
  3 hobgoblins (D:1)
  2 bats (D:1)
  4 giant cockroaches (D:1)
  A giant newt (D:1)
  3 kobolds (D:1)
  5 rats (D:1)
21 creatures vanquished.

Notes
Turn   | Place    | Note
--------------------------------------------------------------
     0 | D:1      | RobertPalmer the Naga Chaos Knight began the quest for the Orb.
     0 | D:1      | Reached XP level 1. HP: 21/21 MP: 1/1
    65 | D:1      | Reached XP level 2. HP: 28/28 MP: 2/2
   212 | D:1      | XOM: smoke on damage
   273 | D:1      | Reached skill level 4 in Long Blades
   273 | D:1      | XOM: divination: detect creatures
   274 | D:1      | XOM: enchant monster (bad)
   286 | D:1      | XOM: smoke on damage
   289 | D:1      | XOM: god gift: scroll labeled YTYETIRGHAB
   294 | D:1      | XOM: potion effect (haste)
   484 | D:1      | HP: 7/28 [gnoll/halberd (13)]
   488 | D:1      | Slain by a gnoll

Vault maps used:
D:1:      dpeg_arrival_long_road, minmay_vboxes

Action                   || total
-------------------------++-------
Melee: Falchion          ||    45
 Stab: Petrifying        ||     1

Vault maps used:
D:1:      dpeg_arrival_long_road, minmay_vboxes

Table legend:
 A = Turns spent in this place as a percentage of turns spent in the entire game.
 B = Non-inter-level travel turns spent in this place as a percentage of non-inter-level travel turns spent in the entire game.
 C = Inter-level travel turns spent in this place as a percentage of turns spent in this place.
 D = Turns resting spent in this place as a percentage of non-inter-level travel turns spent in this place.
 E = Turns spent auto-exploring this place as a percentage of non-inter-level travel turns spent in this place.
 F = Non-inter-level travel turns spent in this place divided by the number of levels of this place that you've seen.
                   A       B       C       D       E      F
               +-------+-------+-------+-------+-------+----------------------
         Total | 100.0 | 100.0 |   0.0 |   2.7 |   6.8 | 221.0
       Dungeon | 100.0 | 100.0 |   0.0 |   2.7 |   6.8 | 221.0
               +-------+-------+-------+-------+-------+----------------------

Table legend:
 A = Kills in this place as a percentage of kills in entire the game.
 B = Kills by you in this place as a percentage of kills by you in the entire game.
 C = Kills by friends in this place as a percentage of kills by friends in the entire game.
 D = Other kills in this place as a percentage of other kills in the entire game.
 E = Experience gained in this place as a percentage of experience gained in the entire game.
 F = Experience gained in this place divided by the number of levels of this place that you have seen.
                   A       B       C       D       E      F
               +-------+-------+-------+-------+-------+----------------------
         Total | 100.0 | 100.0 |  -nan |  -nan | 100.0 |  31.0
       Dungeon | 100.0 | 100.0 |  -nan |  -nan | 100.0 |  31.0
               +-------+-------+-------+-------+-------+----------------------
